 Dungeon Crawl Stone Soup version bcrawl-1.19.2-6-g6a88ae04c9 (webtiles) character file.

Game seed: 14799099436662750408

1856 Mrkan the Skirmisher (level 9, -3/81 HPs)
             Began as a Hill Orc Fighter on Dec 24, 2019.
             Was a Follower of Makhleb.
             Slain by a yak (10 damage)
             ... on level 6 of the Dungeon.
             The game lasted 00:06:43 (5022 turns).

Mrkan the Skirmisher (Hill Orc Fighter)             Turns: 5022, Time: 00:06:44

Health: -3/81      AC: 16    Str: 21    XL:     9   Next: 13%
Magic:  11/11      EV:  6    Int:  8    God:    Makhleb [*.....]
Gold:   463        SH:  0    Dex: 11    Spells: 8/8 levels left

rFire    . . .     SeeInvis .   x - +5 whip "Mapekh" {slash, rPois}
rCold    . . .     Gourm    .   c - +0 shield
rNeg     . . .     Faith    .   h - +0 chain mail
rPois    +         Spirit   .   y - +0 helmet
rElec    .         Reflect  .   s - +0 cloak
rCorr    .         Harm     .   (no gloves)
MR       .....                  B - +2 pair of boots
Stlth    ..........             (no amulet)
HPRegen  0.23/turn              (no ring)
MPRegen  0.12/turn              (no ring)

@: confused, lightly drained
A: no striking features
a: Renounce Religion


You were on level 6 of the Dungeon.
You worshipped Makhleb.
Makhleb was aware of your devotion.
You were hungry.

You visited 2 branches of the dungeon, and saw 7 of its levels.

You collected 463 gold pieces.

Inventory:

Hand Weapons
 a - a +0 war axe
 r - a +6 hand axe of freezing
 x - the +5 whip "Mapekh" (weapon) {slash, rPois}
   (You found it on level 4 of the Dungeon)

   It inflicts extra damage upon your enemies.
   It protects you from poison.
Armour
 c - a +0 shield (worn)
 h - a +0 chain mail (worn)
 s - a +0 cloak (worn)
 y - a +0 helmet (worn)
 B - a +2 pair of boots (worn)
 F - a +1 cloak
Jewellery
 w - an uncursed amulet of the acrobat {unknown}
Scrolls
 g - a scroll of enchant weapon {unknown}
 j - 5 scrolls of remove curse {unknown}
 k - 8 scrolls of identify {unknown}
 m - 2 scrolls of noise {unknown}
 p - 2 scrolls of teleportation {unknown}
 q - 2 scrolls of fear {unknown}
 v - a scroll of amnesia {unknown}
 z - a scroll of torment {unknown}
 D - a scroll of vulnerability {unknown}
Potions
 b - a potion of resistance {unknown}
 d - 3 potions of might
 e - 3 potions of curing {unknown}
 i - 3 potions of agility {unknown}
 l - a potion of lignification {unknown}
 n - 3 potions of heal wounds {unknown}
 o - 3 potions of flight {unknown}
 t - a potion of invisibility {unknown}
 u - 2 potions of mutation {unknown}
 A - a potion of haste
 E - a potion of magic {unknown}
 G - a potion of degeneration {unknown}
Comestibles
 f - 13 rations {!d}


   Skills:
 * Level 7.8(7.3) Fighting
   Level 7.8(7.3) Short Blades
   Level 7.8(7.3) Long Blades
   Level 7.8(7.3) Axes
   Level 7.8(7.3) Maces & Flails
   Level 7.8(7.3) Polearms
   Level 7.8(7.3) Staves
 + Level 6.9(6.4) Armour
 + Level 6.9(6.4) Shields
   Level 7.8(7.3) Unarmed Combat
 + Level 3.8(3.4) Invocations


You had 8 spell levels left.
You didn't know any spells.
Your spell library was empty.

Dungeon Overview and Level Annotations

Branches:
Dungeon (6/12)             Temple (1/1) D:5

Altars:
Ashenzari
Dithmenos
Elyvilon
Gozag
Hepliaklqana
Kikubaaqudgha
Lugonu
Makhleb
Ru
Trog
Xom
Yredelemnul
The Shining One

Shops:
D:6 (


Message History

You feel drained. The bullfrog closely misses you. The yak gores you.
Something hits you but does no damage.
You hit the yak.
The yak is moderately wounded.
The orc wizard barely misses you. The bullfrog hits you.
* * * LOW HITPOINT WARNING * * *
The yak gores you.
* * * LOW HITPOINT WARNING * * *
The orc wizard hits you but does no damage.
You feel drained. The bullfrog hits you.
* * * LOW HITPOINT WARNING * * *
You whack the yak!
The yak is heavily wounded.
Something hits you but does no damage.
The orc wizard points at you and mumbles some strange words.
The magic dart hits you!
* * * LOW HITPOINT WARNING * * *
The bullfrog hits you but does no damage.
The yak gores you!
You die...

#..( .>..
.....# ####
.... #....#
.....#....#
.....#....###
.....?..$...#
............###
....#..Yo.....#
.......@F.....+
..#.####......#
#......# #####
#......# #....
##.##### #.###
#..# #.# ##.#
#.### #.# #.##.
#.## #..'.


You could see a yak, a bullfrog and an orc wizard.

Vanquished Creatures
  Sigmund (D:3)
  A hog (shapeshifter) (D:6)
  A centaur (D:5)
  A sky beast (D:4)
  2 ogres
  A big kobold (D:6)
  2 scorpions
  4 wights (D:6)
  A howler monkey (D:3)
  2 crimson imps
  A centaur zombie (D:6)
  A hound (D:5)
  A centaur skeleton (D:5)
  An orc priest (D:4)
  A gnoll shaman (D:6)
  Crazy Yiuf (D:2)
  Terence (D:2)
  2 iguanas
  6 orc wizards
  4 worker ants
  A hound zombie (D:5)
  7 gnolls
  10 adders
  5 worms
  5 dart slugs
  5 leopard geckos
  6 orcs
  A giant cockroach (D:5)
  6 goblins
  7 hobgoblins
  8 jackals
  16 kobolds
  A quokka (D:2)
  A ball python (D:1)
  2 bats
  7 frilled lizards
  A jackal skeleton (D:4)
  A quokka skeleton (D:4)
  7 rats
132 creatures vanquished.

Notes
Turn   | Place    | Note
-------+----------+-------------------------------------------
     0 | D:1      | Mrkan the Hill Orc Fighter began the quest for the Orb.
     0 | D:1      | Reached XP level 1. HP: 20/20 MP: 1/1
    55 | D:1      | Reached XP level 2. HP: 25/27 MP: 2/2
   259 | D:1      | Reached XP level 3. HP: 31/34 MP: 3/3
   983 | D:2      | Reached XP level 4. HP: 40/41 MP: 4/4
  1128 | D:2      | Found a runed door.
  1317 | D:2      | Noticed Terence
  1327 | D:2      | Killed Terence
  1537 | D:2      | Noticed Crazy Yiuf
  1540 | D:2      | Killed Crazy Yiuf
  1540 | D:2      | Reached skill level 5 in Fighting
  1540 | D:2      | Reached XP level 5. HP: 37/48 MP: 5/5
  1616 | D:3      | Noticed Sigmund
  1629 | D:3      | Killed Sigmund
  1629 | D:3      | Reached XP level 6. HP: 36/56 MP: 6/6
  2259 | D:3      | Reached skill level 5 in Shields
  2395 | D:3      | Reached skill level 5 in Armour
  2440 | D:3      | Reached XP level 7. HP: 55/62 MP: 7/7
  2773 | D:4      | Got a pitted whip
  2892 | D:4      | Reached skill level 6 in Fighting
  3530 | D:4      | Reached XP level 8. HP: 67/71 MP: 8/8
  3642 | D:5      | Entered Level 5 of the Dungeon
  3674 | D:5      | Identified the +5 whip "Mapekh" {slash, rPois} (You found
                  | it on level 4 of the Dungeon)
  3872 | D:5      | Found a staircase to the Ecumenical Temple.
  3885 | Temple   | Entered the Ecumenical Temple
  3914 | Temple   | Became a worshipper of Makhleb the Destroyer
  3973 | D:5      | Reached skill level 1 in Invocations
  3975 | D:5      | Reached skill level 7 in Fighting
  4197 | D:5      | Found a corrupted altar of Lugonu.
  4201 | D:5      | Found a shadowy altar of Dithmenos.
  4775 | D:6      | Reached XP level 9. HP: 66/79 MP: 11/11
  4851 | D:6      | Found Kyschowk's Antique Weapon Boutique.
  4925 | D:6      | Reached * piety under Makhleb
  5022 | D:6      | Slain by a yak

Skill      XL: |  1  2  3  4  5  6  7  8 |
---------------+-------------------------+-----
Armour         | 4 5 6 |  6.9
Shields        | 4 5 6 |  6.9
Fighting       | 5 6 7 |  7.8
Invocations    | 3 |  3.8
Short Blades   | |  7.8
Long Blades    | |  7.8
Axes           | |  7.8
Maces & Flails | |  7.8
Polearms       | |  7.8
Staves         | |  7.8
Unarmed Combat | |  7.8

Action                   |  1- 3 |  4- 6 |  7- 9 || total
-------------------------+-------+-------+-------++-------
Melee: War axe           |    96 |    19 |       ||   115
       Hand axe          |       |    76 |    76 ||   152
       Whip              |       |       |   170 ||   170
  Eat: Chunk             |       |     5 |     8 ||    13
Armor: Scale mail        |    51 |     7 |       ||    58
       Chain mail        |       |    25 |   147 ||   172
Dodge: Dodged            |    47 |    16 |    63 ||   126
Block: Shield            |    59 |    32 |   134 ||   225
